 Dungeon Crawl Stone Soup version 0.30-a0-377-g5cb311bc9f (webtiles) character file.

Game seed: 1394016714564177618

134 funkygono the Firebug (level 4, -4/30 HPs)
             Began as a Demonspawn Fire Elementalist on Nov 30, 2022.
             Slain by a gnoll
             ... wielding a +0 flail
              (10 damage)
             ... on level 3 of the Dungeon.
             The game lasted 00:03:30 (2662 turns).

funkygono the Firebug (DsFE)                        Turns: 2662, Time: 00:03:31

Health: -4/30      AC:  2    Str:  8    XL:     4   Next: 95%
Magic:  0/8        EV: 12    Int: 19    God:
Gold:   69         SH:  0    Dex: 13    Spells: 2/8 levels left

rFire   . . .      SeeInvis .    f - +0 dagger (speed)
rCold   . . .      Faith    .    (no shield)
rNeg    . . .      Spirit   .    a - +0 robe
rPois   .          Reflect  .    (no helmet)
rElec   .          Harm     .    (no cloak)
rCorr   .          Rampage  .    (no gloves)
Will    .....                    (no boots)
Stlth   ++........               (no amulet)
HPRegen 0.25/turn                (no ring)
MPRegen 0.11/turn                (no ring)

@: no status effects
A: powered by death 1, powered by pain 1
a: no special abilities


You were on level 3 of the Dungeon.
You visited 1 branch of the dungeon, and saw 3 of its levels.

You collected 69 gold pieces.

Inventory:

Hand Weapons
 f - a +0 dagger of speed (weapon)
 l - a +0 short sword
Missiles
 q - a throwing net
Armour
 a - a +0 robe (worn)
 g - a +2 ring mail of cold resistance
 m - a +0 leather armour
Jewellery
 d - an amulet of guardian spirit
Scrolls
 c - a scroll of fog {unknown}
 h - 2 scrolls of identify {unknown}
 i - 2 scrolls of teleportation {unknown}
 r - a scroll of magic mapping {unknown}
Potions
 b - a potion of magic
 e - a potion of ambrosia {unknown}
 j - 2 potions of cancellation {unknown}
 k - a potion of mutation {unknown}
 n - a potion of resistance {unknown}
 o - a potion of berserk rage {unknown}
 p - a potion of degeneration {unknown}


   Skills:
 + Level 2.3 Dodging
 - Level 1.7 Stealth
 + Level 2.9 Spellcasting
 + Level 2.6 Conjurations
 + Level 3.6 Fire Magic


You had 2 spell levels left.
You knew the following spells:

 Your Spells              Type           Power      Damage    Failure   Level
a - Foxfire               Conj/Fire      56%        2x1d6     4%          1
b - Scorch                Fire           32%        2d7       5%          2
c - Kindle Blastsparks    Fire/Tloc/Air  14%        2d11      28%         3

Your spell library contained the following spells:

 Spells                   Type           Power      Damage    Failure   Level
 Magic Dart               Conj           48%        1d5       5%          1
 Call Imp                 Summ           2%         N/A       24%         2
 Inner Flame              Hex/Fire       9%         N/A       22%         3
 Ignite Poison            Fire/Tmut/Pois 7%         N/A       28%         3
 Mephitic Cloud           Conj/Pois/Air  6%         N/A       32%         3
 Flame Wave               Conj/Fire      14%        2d6       38%         4
 Ice Form                 Ice/Tmut       2%         N/A       83%         4
 Freezing Cloud           Conj/Ice/Air   3%         6-21      96%         5
 Starburst                Conj/Fire      7%         6d4       100%        6
 Orb of Destruction       Conj           6%         9d6       100%        7


Dungeon Overview and Level Annotations

Branches:
Dungeon (3/15)

Altars:
Ru


Innate Abilities, Weirdness & Mutations

You regenerate a little health from kills.
You sometimes gain a little power by taking damage.


Message History

The foxfire hits the gnoll but does no damage.
The gnoll is moderately wounded.
The foxfire hits the gnoll.
The gnoll is heavily wounded.
Casting: Foxfire (safe; 4% risk of failure)
Confirm with . or Enter, or press ? or * to list all spells.
You conjure some foxfire!
The foxfire hits the gnoll.
The gnoll is severely wounded.
The foxfire hits the gnoll.
The gnoll is almost dead.
Casting: Foxfire (safe; 4% risk of failure)
Confirm with . or Enter, or press ? or * to list all spells.
You miscast Foxfire.
You are very lightly contaminated with residual magic.
Nothing appears to happen.
The gnoll closely misses you. The gnoll hits you with a +0 flail!
Casting: Foxfire (safe; 4% risk of failure)
Confirm with . or Enter, or press ? or * to list all spells.
You don't have enough magic to cast this spell.
The gnoll attacks as you move away! The gnoll misses you.
The gnoll attacks as you move away! The gnoll barely misses you.
A gnoll comes into view. It is wielding a +0 flail.
The gnoll shouts!
The gnoll hits you but does no damage. The gnoll attacks as you move away!
The gnoll misses you.
Your magical contamination has completely faded away.
Casting: Foxfire (safe; 4% risk of failure)
Confirm with . or Enter, or press ? or * to list all spells.
You conjure some foxfire!
The gnoll hits you with a +0 flail!
Unknown command.
The foxfire hits the gnoll.
The gnoll is lightly wounded.
The foxfire hits the gnoll.
The gnoll is moderately wounded.
The gnoll barely misses you. The gnoll hits you with a +0 flail!
* * * LOW HITPOINT WARNING * * *
The gnoll attacks as you move away! The gnoll closely misses you.
The gnoll attacks as you move away! The gnoll hits you with a +0 flail!
You die...

.(^. ......# ##.)#
#.##..### .## :..##
#.##.... ....
#..##.#)##..# #..#
..#####..##.#.##..####..##
.........).†........<.....
...####..####..#........#
..............>.........#
#.#.##...@g.............#
#....g..........#..#
#..#####...........#
.............######..#
##.#..######..# #..#
#.#..# #..# #..# . ...#
##..######..# ..#####
#..........## ##
#..........#


You could see 2 gnolls.

Vanquished Creatures
  An orc wizard (D:3)
  2 adders (D:2)
  2 gnolls (D:3)
  3 worms
  2 dart slugs
  8 orcs
  3 endoplasms
  2 giant cockroaches (D:1)
  3 hobgoblins
  2 kobolds
  A quokka (D:3)
  10 ball pythons
  5 bats
  2 frilled lizards (D:2)
  4 goblins
  5 rats
55 creatures vanquished.

Vanquished Creatures (collateral kills)
  2 foxfires (D:2)
2 creatures vanquished.

Vanquished Creatures (others)
  177 foxfires
  12 plants (D:2)
189 creatures vanquished.

Grand Total: 246 creatures vanquished

Notes
Turn   | Place    | Note
-------+----------+-------------------------------------------
     0 | D:1      | funkygono the Demonspawn Fire Elementalist began the quest
                  | for the Orb.
     0 | D:1      | Reached XP level 1. HP: 13/13 MP: 3/3
   332 | D:1      | Reached skill level 3 in Fire Magic
   332 | D:1      | Gained mutation: You sometimes gain a little power by
                  | taking damage. [demonic ancestry]
   332 | D:1      | Reached XP level 2. HP: 13/19 MP: 0/5
   335 | D:1      | Learned a level 2 spell: Scorch
  1007 | D:2      | Got the Catalogue of the Barrage and Cold
  1117 | D:2      | Gained mutation: You regenerate a little health from kills.
                  | [demonic ancestry]
  1117 | D:2      | Reached XP level 3. HP: 24/24 MP: 3/6
  1121 | D:2      | Learned a level 3 spell: Kindle Blastsparks
  1395 | D:2      | Found a faded altar of an unknown god.
  1554 | D:2      | Found a sacrificial altar of Ru.
  1651 | D:2      | Identified the +7 spear "Bounle" {holy, *Rage rC+ rN+++
                  | Dex-2}
  2189 | D:3      | Reached XP level 4. HP: 30/30 MP: 3/7
  2662 | D:3      | Slain by a gnoll

Illustrated notes

Levels and vault maps discovered:
D:1:      ebering_hopf_link, layout_basic
D:2:      layout_loops_cross, basic_altar, serial_forest,
          infiniplex_forest_lined_room_, infiniplex_forest_clump_tiny,
          infiniplex_forest_clump_curved, infiniplex_forest_lined_4_way,
          infiniplex_forest_lined_room_2, infiniplex_forest_lined_4_way,
          infiniplex_forest_clump_medium, infiniplex_forest_straight_4,
          infiniplex_forest_lined_2, ebering_ecumenical_altar_webs,
          kennysheep_pointless_box, serial_bayou_lagoon_a
D:3:      layout_basic, ebering_ghost_rock_garden

Skill      XL: |  1  2  3  4 |
---------------+-------------+-----
Fire Magic     | 3 |  3.6
Dodging        | 2 |  2.3
Conjurations   | 2 |  2.6
Stealth        | |  1.7
Spellcasting   | |  2.9

Action                   |  1- 3 |  4- 6 || total
-------------------------+-------+-------++-------
Melee: Dagger            |       |     3 ||     3
 Cast: Foxfire           |    68 |    37 ||   105
       Scorch            |     2 |     1 ||     3
Armor: Robe              |     2 |     2 ||     4
Dodge: Dodged            |    10 |    14 ||    24

Table legend: (Time is in decaauts)
 A = Elapsed time spent in this place.
 B = Non-inter-level travel time spent in this place.
 C = Inter-level travel time spent in this place.
 D = Time resting spent in this place.
 E = Time spent auto-exploring this place.
 F = Levels seen in this place.
 G = Mean time per level.
                   A        B        C        D        E       F      G
               +--------+--------+--------+--------+--------+-----+--------+
         Total |   2669 |   2615 |     54 |     68 |   2153 |   3 |  889.7 |
       Dungeon |   2669 |   2615 |     54 |     68 |   2153 |   3 |  889.7 |
               +--------+--------+--------+--------+--------+-----+--------+

Top non-repeatable levels by time:
     D:2: 1190 daAuts
     D:1: 994 daAuts
     D:3: 484 daAuts
